 Dungeon Crawl Stone Soup version 0.27-a0-216-g1fbed8a51c (webtiles) character file.

Game seed: 6932952388934406318

52 sahdkjhfkaj the Gusty (level 3, 19/19 HPs)
             Began as a Tengu Air Elementalist on Jan 31, 2021.
             Quit the game on level 2 of the Dungeon.
             The game lasted 00:01:47 (1562 turns).

sahdkjhfkaj the Gusty (Tengu Air Elementalist)      Turns: 1562, Time: 00:01:49

Health: 19/19      AC:  2    Str:  8    XL:     3   Next: 85%
Magic:  8/16       EV: 12    Int: 16    God:
Gold:   76         SH:  0    Dex: 14    Spells: 6/7 levels left

rFire    + . .     SeeInvis .   a - +2 spear (vorpal)
rCold    + . .     Faith    .   (no shield)
rNeg     . . .     Spirit   .   b - +0 robe
rPois    .         Reflect  .   (helmet restricted)
rElec    .         Harm     .   d - scarf {rC+ rF+}
rCorr    .         Rampage  .   (no gloves)
Will     .....                  (boots unavailable)
Stlth    ++........             (no amulet)
HPRegen  0.06/turn              h - ring of magical power
MPRegen  0.15/turn              (no ring)

@: no status effects
A: beak, talons 3
a: no special abilities


You were on level 2 of the Dungeon.
You visited 1 branch of the dungeon, and saw 2 of its levels.

You collected 76 gold pieces.

Inventory:

Hand Weapons
 a - a +2 vorpal spear (weapon)
Armour
 b - a +0 robe (worn)
 d - a scarf of resistance (worn)
Jewellery
 h - a ring of magical power (left hand)
Scrolls
 c - a scroll of fear {unknown}
 f - a scroll of remove curse {unknown}
 g - a scroll of teleportation {unknown}
Potions
 e - a potion of invisibility {unknown}


   Skills:
 - Level 2.1 Dodging
 - Level 2.0 Stealth
 + Level 2.5 Spellcasting
 - Level 3.0 Conjurations
 - Level 5.0 Air Magic


You had 6 spell levels left.
You knew the following spells:

 Your Spells              Type           Power        Failure   Level
a - Shock                 Conj/Air       56%          3%          1

Your spell library contained the following spells:

 Spells                   Type           Power        Failure   Level
 Swiftness                Air            18%          3%          2
 Static Discharge         Conj/Air       14%          12%         3
 Airstrike                Air            9%           26%         4
 Lightning Bolt           Conj/Air       7%           71%         5


Dungeon Overview and Level Annotations

Branches:
Dungeon (2/15)

Altars:


Innate Abilities, Weirdness & Mutations

You have a beak for a mouth.
You have claws for feet.


Message History

The adder hisses angrily.
The zap hits the adder.
The adder is moderately wounded.
The zap hits the adder.
The adder is severely wounded.
The zap misses the adder.
You miscast Shock.
You are very lightly contaminated with residual magic.
Nothing appears to happen.
The adder closely misses you.
The zap hits the adder.
The adder is almost dead.
The adder bites you but does no damage. The adder barely misses you.
An adder is nearby!
You miscast Shock.
Nothing appears to happen.
The adder barely misses you.
The zap hits the adder.
You kill the adder!
You start resting.
Your magical contamination has completely faded away.
Okay, then.
Are you sure you want to abandon this character and quit the game? (Confirm with "yes".)

#.....##....
+..........
#?........#
.#.........
..........#####
...............
............#
...$...@....#
............#
...............
...............
......#........
.#....+........
#....#........
...###########


There were no monsters in sight!

Vanquished Creatures
  An adder (D:2)
  2 oozes (D:1)
  5 leopard geckos (D:1)
  A goblin (D:1)
  9 hobgoblins (D:1)
  2 kobolds (D:1)
  3 bats (D:1)
  2 frilled lizards (D:1)
  4 rats (D:1)
29 creatures vanquished.

Notes
Turn   | Place    | Note
-------+----------+-------------------------------------------
     0 | D:1      | sahdkjhfkaj the Tengu Air Elementalist began the quest for
                  | the Orb.
     0 | D:1      | Reached XP level 1. HP: 10/10 MP: 4/4
    79 | D:1      | Reached XP level 2. HP: 2/15 MP: 0/6
   495 | D:1      | Reached skill level 5 in Air Magic
   743 | D:1      | Reached XP level 3. HP: 6/19 MP: 3/7
  1562 | D:2      | Quit the game

Illustrated notes

Levels and vault maps discovered:
D:1:      minmay_arrival_open_corners, layout_loops_ring, nrook_campfire
D:2:      minmay_wonky_spiral, layout_basic, overflow_temple_1_default,
          chequers_ecumenical_altar_simple_redux, st_stairs_11, uniq_terence

Skill      XL: |  1  2  3 |
---------------+----------+-----
Air Magic      | 5 |  5.0
Conjurations   | 2 3 |  3.0
Dodging        | |  2.1
Stealth        | |  2.0
Spellcasting   | |  2.5

Action                   || total
-------------------------++-------
Melee: Spear             ||     8
 Cast: Shock             ||    50
Armor: Robe              ||     4
Dodge: Dodged            ||    17

Table legend: (Time is in decaauts)
 A = Elapsed time spent in this place.
 B = Non-inter-level travel time spent in this place.
 C = Inter-level travel time spent in this place.
 D = Time resting spent in this place.
 E = Time spent auto-exploring this place.
 F = Levels seen in this place.
 G = Mean time per level.
                   A        B        C        D        E       F      G
               +--------+--------+--------+--------+--------+-----+--------+
         Total |   1561 |   1516 |     45 |    107 |   1278 |   2 |  780.5 |
       Dungeon |   1561 |   1516 |     45 |    107 |   1278 |   2 |  780.5 |
               +--------+--------+--------+--------+--------+-----+--------+

Top non-repeatable levels by time:
     D:1: 1542 daAuts
     D:2: 18 daAuts
